 Dungeon Crawl Stone Soup version 0.29.1-12-g30fa7ad0bf (webtiles) character file.

Game seed: 16019642148767569498

164 soggyman666 the Trooper (level 5, -1/47 HPs)
             Began as a Minotaur Fighter on Dec 13, 2022.
             Killed by divine providence
             ... invoked by an orc priest
              (12 damage)
             ... on level 3 of the Dungeon.
             The game lasted 00:04:56 (1894 turns).

soggyman666 the Trooper (Minotaur Fighter)          Turns: 1894, Time: 00:04:57

Health: -1/47      AC: 11    Str: 23    XL:     5   Next: 21%
Magic:  4/4        EV:  8    Int:  5    God:
Gold:   141        SH:  4    Dex:  9    Spells: 4/4 levels left

rFire   . . .      SeeInvis .   a - +0 war axe
rCold   . . .      Faith    .   c - +0 buckler
rNeg    . . .      Spirit   .   o - +0 chain mail
rPois   .          Reflect  .   (helmet restricted)
rElec   .          Harm     .   q - +1 cloak
rCorr   .          Rampage  .   (no gloves)
Will    .....                   (no boots)
Stlth   ..........              (no amulet)
HPRegen 0.15/turn               (no ring)
MPRegen 0.09/turn               (no ring)

@: no status effects
A: horns 2, retaliatory headbutt
a: no special abilities


You were on level 3 of the Dungeon.
You visited 1 branch of the dungeon, and saw 3 of its levels.

You collected 141 gold pieces.

Inventory:

Hand Weapons
 a - a +0 war axe (weapon)
 g - a +0 dagger of speed
Armour
 c - a +0 buckler (worn)
 o - a +0 chain mail (worn)
 q - a +1 cloak (worn)
Jewellery
 j - an amulet of faith
 m - a ring of ice
Wands
 l - a wand of paralysis (3)
Scrolls
 b - a scroll of fog {unknown}
 i - a scroll of enchant armour
 k - 2 scrolls of teleportation
 n - a scroll of identify {unknown}
Potions
 d - a potion of might
 e - a potion of resistance {unknown}
 f - a potion of brilliance {unknown}
 h - a potion of curing {unknown}
 p - a potion of degeneration {unknown}


   Skills:
 + Level 4.5 Fighting
 + Level 4.3 Axes
 + Level 4.3 Armour
 + Level 1.3 Dodging
 + Level 4.1 Shields
 * Level 1.2 Evocations


You had 4 spell levels left.
You didn't know any spells.
Your spell library contained the following spells:

 Spells                   Type           Power      Damage    Failure   Level
 Apportation              Tloc           0%         N/A       99%         1
 Necrotise                Necr           0%         1d4       99%         1
 Summon Small Mammal      Summ           0%         N/A       99%         1


Dungeon Overview and Level Annotations

Branches:
Dungeon (3/15)

Altars:


Innate Abilities, Weirdness & Mutations

You have a pair of horns on your head.
You reflexively headbutt those who attack you in melee.


Message History

You kill the bat!
You see here a +0 dagger.
You see here a +0 dagger.
You now have 127 gold pieces (gained 13).
k - 2 scrolls of teleportation (gained 1)
You now have 141 gold pieces (gained 14). 3 orcs come into view.
An orc is wielding a +0 mace of holy wrath.
The orc shouts! x3
An orc priest comes into view. It is wielding a +0 hand axe.
The orc priest shouts!
You closely miss the orc.
The orc hits you with a +0 mace of holy wrath!
The orc priest casts a cantrip, but nothing happens.
The orc priest calls down the wrath of Beogh upon you.
Beogh smites you!
The orc hits you with a +0 mace of holy wrath.
You barely miss the orc. You slash the orc!
You kill the orc!
You barely miss the orc. You block the orc's attack.
The orc hits you but does no damage.
The orc priest invokes the aid of Beogh against you.
Pain shoots through your body! The orc hits you with a +0 flail.
The orc attacks as you move away! The orc hits you with a +0 flail.
* * * LOW HITPOINT WARNING * * *
The orc priest hits you but does no damage.
You slash the orc priest!
The orc priest is heavily wounded.
You hit the orc but do no damage.
The orc priest hits you but does no damage.
You block the orc's attack.
The orc priest mumbles some strange prayers to Beogh against you.
You barely resist. The orc closely misses you. You furiously retaliate!
You headbutt the orc. You barely miss the orc priest.
You headbutt the orc priest.
The orc priest is almost dead.
You closely miss the orc.
The orc priest invokes the aid of Beogh against you.
Beogh smites you!
You die...

###############
..............#
.############.# .#
#.# .# #.####### .#
#.......# .#
#..####.# #######
#.)####.### ......#
#.oo@o....# #####.#
##.####.#.# #.# #.#
#.# #.# #.# ###.#
#.# ##.#.#
#.#####.#..######.#
#......###.......#
#######.#.#.#####.#


You could see an orc priest and 2 orcs.

Vanquished Creatures
  Jessica (D:2)
  Robin (D:2)
  2 adders (D:2)
  4 gnolls (D:2)
  A dart slug (D:3)
  An orc (D:3)
  5 ball pythons
  3 endoplasms (D:2)
  4 giant cockroaches (D:1)
  12 goblins
  8 hobgoblins
  A quokka (D:2)
  5 bats
  4 frilled lizards
  7 kobolds
  4 rats
63 creatures vanquished.

Notes
Turn   | Place    | Note
-------+----------+-------------------------------------------
     0 | D:1      | soggyman666 the Minotaur Fighter began the quest for the
                  | Orb.
     0 | D:1      | Reached XP level 1. HP: 19/19 MP: 0/0
    78 | D:1      | Reached XP level 2. HP: 18/27 MP: 1/1
   739 | D:2      | Reached skill level 1 in Dodging
   739 | D:2      | Reached XP level 3. HP: 33/33 MP: 2/2
   749 | D:2      | Found a faded altar of an unknown god.
   773 | D:2      | Noticed Jessica
   774 | D:2      | Killed Jessica
   836 | D:2      | Reached XP level 4. HP: 39/41 MP: 3/3
   840 | D:2      | Noticed Robin
   860 | D:2      | Killed Robin
  1129 | D:2      | Reached skill level 1 in Evocations
  1134 | D:2      | Reached XP level 5. HP: 18/47 MP: 4/4
  1894 | D:3      | Killed from afar by an orc priest

Illustrated notes

Levels and vault maps discovered:
D:1:      eino_arrival_druids_welcome, layout_rooms
D:2:      layout_loops_cross, dreamdust_ecumenical_altar_sealed_demon,
          uniq_robin, uniq_jessica
D:3:      layout_loops_ring, tso_altar

Skill      XL: |  1  2  3  4 |
---------------+-------------+-----
Fighting       | 4 |  4.5
Armour         | 4 |  4.3
Dodging        | 1 |  1.3
Axes           | 3 4 |  4.3
Shields        | 4 |  4.1
Evocations     | 1 |  1.2

Action                   |  1- 3 |  4- 6 || total
-------------------------+-------+-------++-------
Melee: War axe           |    57 |    62 ||   119
       Headbutt          |     4 |     9 ||    13
  Use: Potion            |       |     1 ||     1
       Scroll            |       |     4 ||     4
Armor: Scale mail        |    28 |    34 ||    62
       Chain mail        |       |    12 ||    12
Dodge: Dodged            |    40 |    40 ||    80
Block: Buckler           |    13 |    13 ||    26
